 Dungeon Crawl Stone Soup version 0.26-a0-1026-g544776af23 (webtiles) character file.

Game seed: 3509450501924169622

70982 tzalcoatl the Slinger (level 15, -2/148 HPs)
             Began as a Halfling Abyssal Knight on Dec 8, 2020.
             Was a High Priest of Lugonu.
             Slain by a manticore (4 damage)
             ... while petrified by a basilisk
             ... on level 12 of the Dungeon on Dec 9, 2020.
             The game lasted 03:46:11 (32366 turns).

tzalcoatl the Slinger (Halfling Abyssal Knight)    Turns: 32366, Time: 03:46:11

Health: -2/148     AC: 13    Str: 21    XL:     15   Next: 80%
Magic:  24/24      EV:  3    Int: 13    God:    Lugonu [*****.]
Gold:   1390       SH:  0    Dex: 20    Spells: 9/14 levels left

rFire    . . .     SeeInvis +   b - +7 short sword of Mana {holy, rC+ Str+3}
rCold    + . .     Faith    .   S - +3 buckler
rNeg     + + +     Spirit   .   E - +3 leather armour of Sin {Int+3 Dex+4 Slay+3 SInv}
rPois    ∞         Reflect  +   M - +1 hat
rElec    .         Harm     .   y - +2 cloak
rCorr    .         Rampage  .   B - +2 pair of gloves
Will     +....                  (no boots)
Stlth    ..........             C - amulet of reflection
HPRegen  0.34/turn              P - ring of stealth
MPRegen  0.19/turn              Z - +4 ring of evasion

@: berserking, lethally poisoned (-2 -> -2), petrified, studying Crossbows,
heavily drained
A: small, mutation resistance 1
a: Depart the Abyss, Bend Space, Banish, Corrupt, Enter the Abyss, Renounce
Religion


You were on level 12 of the Dungeon.
You worshipped Lugonu.
Lugonu was extremely pleased with you.
You visited 2 branches of the dungeon, and saw 19 of its levels.
You visited the Abyss 1 time.
You also visited: Gauntlet.

You collected 1390 gold pieces.

Inventory:

Hand Weapons
 a - a +2 hunting sling
 b - the +7 short sword of Mana (weapon) {holy, rC+ Str+3}
   (You found it on level 1 of the Lair of Beasts)

   It has been blessed by the Shining One to cause great damage to the undead
   and demons.
   It affects your strength (+3).
   It protects you from cold.
 d - a +3 hand crossbow of flaming
Missiles
 g - 42 sling bullets
 j - 163 bolts
 G - 11 poisoned darts (quivered)
Armour
 y - a +2 cloak (worn)
 B - a +2 pair of gloves (worn)
 E - the +3 leather armour of Sin (worn) {Int+3 Dex+4 Slay+3 SInv}
   (You found it on level 6 of the Dungeon)

   It affects your intelligence (+3).
   It affects your dexterity (+4).
   It affects your accuracy and damage with ranged weapons and melee attacks
   (+3).
   It lets you see invisible.
 M - a +1 hat (worn)
 S - a +3 buckler (worn)
 Y - the +6 ring mail "Vimieb" {rPois rCorr Int-2}
   (You found it on level 5 of the Lair of Beasts)

   It affects your intelligence (-2).
   It protects you from poison.
   It provides partial protection from all sources of acid and corrosion.
Jewellery
 f - an uncursed ring of positive energy
 r - an uncursed ring of fire
 t - an uncursed amulet of regeneration
 z - an uncursed ring of protection from cold
 C - an amulet of reflection (around neck)
 I - an uncursed ring of poison resistance
 P - a ring of stealth (left hand)
 Z - a +4 ring of evasion (right hand)
Wands
 D - a wand of digging (2)
 L - a wand of acid (6)
Scrolls
 h - 15 scrolls of remove curse
 i - 2 scrolls of magic mapping
 p - a scroll of brand weapon {unknown}
 s - 3 scrolls of immolation
 v - 8 scrolls of teleportation
 A - 2 scrolls of silence
 F - a scroll of fear
 H - 2 scrolls of torment {unknown}
 V - 2 scrolls of fog
 W - 2 scrolls of acquirement {unknown}
 X - a scroll of holy word
Potions
 k - 4 potions of haste
 m - 9 potions of curing
 n - 3 potions of brilliance
 q - 2 potions of flight
 u - 2 potions of cancellation
 x - 4 potions of lignification
 J - 2 potions of might
 K - a potion of berserk rage
 R - 4 potions of mutation
 T - a potion of invisibility
 U - 10 potions of ambrosia
Books
 O - a manual of Crossbows
Miscellaneous
 o - a box of beasts (inert)
 w - a phial of floods (inert)
 N - a condenser vane
 Q - a lightning rod (1/4)


   Skills:
 - Level 8.0(6.0) Fighting
 - Level 12.0(9.8) Short Blades
 - Level 14.0(11.7) Slings
 - Level 10.0(7.9) Crossbows
 - Level 4.0(2.2) Armour
 - Level 12.0(9.8) Dodging
 + Level 12.9(10.7) Stealth
 - Level 6.0(4.1) Shields
 - Level 13.0(10.8) Invocations


You had 9 spell levels left.
You knew the following spells:

 Your Spells              Type           Power        Failure   Level
b - Call Imp              Summ           #.......     52%         2
c - Summon Small Mammal   Summ           #...         38%         1
d - Blink                 Tloc           N/A          52%         2

Your spell library contained the following spells:

 Spells                   Type           Power        Failure   Level
 Apportation              Tloc           #.....       38%         1
 Corona                   Hex            #......      38%         1
 Foxfire                  Conj/Fire      #...         38%         1
 Ensorcelled Hibernation  Hex/Ice        #.....       52%         2
 Call Canine Familiar     Summ           #.......     77%         3
 Confusing Touch          Hex            #.......     77%         3
 Conjure Flame            Conj/Fire      #.......     77%         3
 Dazzling Flash           Conj/Hex       #.....       77%         3
 Inner Flame              Hex/Fire       #.......     77%         3
 Lesser Beckoning         Tloc           #.........   77%         3
 Summon Guardian Golem    Hex/Summ       #.......     77%         3
 Teleport Other           Tloc           #.......     77%         3
 Tukima's Dance           Hex            #.......     77%         3
 Cause Fear               Hex            #.........   99%         4
 Ice Form                 Ice/Tmut       #.......     99%         4
 Sticky Flame             Conj/Fire      #.......     99%         4
 Summon Ice Beast         Ice/Summ       #.......     99%         4
 Summon Lightning Spire   Summ/Air       #.......     99%         4
 Alistair's Intoxication  Tmut/Pois      #........    100%        5
 Fireball                 Conj/Fire      #.........   100%        5
 Metabolic Englaciation   Hex/Ice        #.........   100%        5
 Dispersal                Tloc           #.........   100%        6
 Freezing Cloud           Conj/Ice/Air   #.........   100%        6
 Invisibility             Hex            #.......     100%        6
 Ozocubu's Refrigeration  Ice            #.........   100%        6
 Simulacrum               Ice/Necr       #.........   100%        6
 Dragon Form              Tmut           #.........   100%        7
 Malign Gateway           Summ/Tloc      #.........   100%        7
 Dragon's Call            Summ           #.........   100%        9


Dungeon Overview and Level Annotations

Branches:
Dungeon (13/15)            Temple (0/1) D:6            Lair (6/6) D:10
  Swamp (0/4) Lair:3       Spider (0/4) Lair:3        Slime (0/5) Lair:5
    Orc (0/2) D:10         Vaults (0/5) D:13        Gauntlet (visited)

Altars:
Ashenzari
Dithmenos
Elyvilon
Gozag
Hepliaklqana
Makhleb
Nemelex Xobeh
Okawaru
Ru
Trog
Uskayaw
Vehumet
Wu Jian
Xom
Zin
Jiyva

Portals:
Trove: D:11 (give +2 ice dragon scales)

Annotations:
Abyss:1 Dowan, Duvessa, Grinder, Maurice, Nergalle


Innate Abilities, Weirdness & Mutations

You are small and have problems with some larger weapons.
You are somewhat resistant to further mutation.


Message History

The six-headed hydra bites you!
* * * LOW HITPOINT WARNING * * *
The six-headed hydra bites you but does no damage.
The six-headed hydra barely misses you.
The redback bites you but does no damage.
The basilisk gazes at you.
You easily resist.
The manticore bites you.
* * * LOW HITPOINT WARNING * * *
The manticore claws you but does no damage.
The manticore barely misses you. The redback barely misses you.
The six-headed hydra bites you.
* * * LOW HITPOINT WARNING * * *
The six-headed hydra bites you but does no damage. x4
The six-headed hydra bites you!
* * * LOW HITPOINT WARNING * * *
The manticore bites you.
* * * LOW HITPOINT WARNING * * *
The manticore claws you!
You die...

.............###........).#^.#.#.
#.##.#..###.##.#####......#..#.#.
#......!##..#...©..##...###..#.#.
...........##..#....##.........).
........##.#.#...#...#..###..#.#.
...........#..#.##..##...........
######.##..##)#...#.#©..###......
#.##...#:#H.†..##..# ##.#...
####..©#![s@#...#..####.#...
##..#).#Dl.#.#.......#...
#.##?....#.##..######...
#.#..#.#...#...# #...
#.#..#.#...#.#.######...
#.##...D...#...........(
#..###...###...######...
##...#####..............
###.......##..######..#


You could see a six-headed hydra, a manticore (berserk), a basilisk and a
redback.

Vanquished Creatures
  Josephine (D:12)
  The ghost of Smugzug the Cleaver, a journeyman HOFi of Beogh (D:12)
  A boulder beetle (D:12)
  9 hydras
  A centaur warrior (D:13)
  A merfolk avatar (Lair:6)
  A two-headed ogre (D:8)
  7 death yaks
  A sea snake (Lair:6)
  2 bog bodies (Lair:3)
  Pikel (D:5)
  A wolf spider (Lair:3)
  A harpy (D:12)
  A manticore (Lair:6)
  2 cyclopes
  2 ugly things
  2 moths of wrath (D:12)
  6 elephants
  A black mamba (Lair:4)
  A torpor snail (Lair:4)
  Psyche (D:11)
  18 cane toads
  4 gargoyles
  4 komodo dragons
  8 rime drakes
  4 yaktaurs
  3 trolls
  2 jumping spiders (Lair:3)
  A queen bee (Lair:1)
  3 polar bears
  3 hornets
  2 wind drakes
  A tyrant leech (D:12)
  17 blink frogs
  6 slime creatures
  6 dream sheep (Lair:6)
  A water elemental (D:12)
  9 wyverns
  2 redbacks
  4 wraiths
  51 yaks
  2 basilisks
  3 swamp worms (D:12)
  A naga (shapeshifter) (Gauntlet)
  A soldier ant (D:12)
  24 water moccasins
  A sky beast (D:8)
  3 ice beasts
  4 black bears
  10 orc warriors
  An eye of draining (D:12)
  5 wolves (Lair:3)
  4 ogres
  2 phantoms
  3 centaurs
  2 lemures (D:5)
  2 big kobolds (D:10)
  20 bullfrogs
  A wyvern zombie (D:6)
  A water moccasin zombie (D:6)
  7 scorpions
  31 killer bees
  8 wights
  2 howler monkeys
  An electric eel (Lair:3)
  2 centaur zombies
  2 bullfrog zombies
  4 jellies
  4 centaur skeletons
  5 hounds
  4 orc priests
  Crazy Yiuf (D:7)
  2 bullfrog skeletons
  4 iguanas
  14 orc wizards
  9 worker ants
  A hound zombie (D:7)
  A hound skeleton (D:7)
  2 worker ant zombies
  A howler monkey zombie (D:9)
  7 gnolls (D:6)
  14 adders
  3 shadow imps (Gauntlet)
  5 white imps
  3 ufetubi
  An ooze (D:1)
  An adder zombie (D:9)
  4 adder skeletons
  3 worms
  5 dart slugs
  7 leopard geckos
  45 orcs
  5 giant cockroaches
  5 goblins
  10 hobgoblins
  4 jackals
  6 quokkas
  3 ball pythons
  15 bats
  6 frilled lizards
  A giant cockroach zombie (D:6)
  19 kobolds
  A leopard gecko skeleton (D:7)
  A quokka skeleton (D:7)
  6 rats
568 creatures vanquished.

Vanquished Creatures (collateral kills)
  A hellwing (Gauntlet)
1 creature vanquished.

Vanquished Creatures (others)
  A worker ant (D:13)
  95 fungi
  145 plants
  25 withered plants (Gauntlet)
266 creatures vanquished.

Grand Total: 835 creatures vanquished

Notes
Turn   | Place    | Note
-------+----------+-------------------------------------------
     0 | Abyss:1  | tzalcoatl the Halfling Abyssal Knight began the quest for
                  | the Orb.
     0 | Abyss:1  | Reached XP level 1. HP: 15/15 MP: 2/2
    22 | Abyss:1  | Found a snail-covered altar of Cheibriados.
    56 | D:1      | Escaped the Abyss
   267 | D:1      | Reached XP level 2. HP: 19/20 MP: 3/3
   719 | D:1      | Reached XP level 3. HP: 23/25 MP: 4/4
   723 | D:1      | Reached ** piety under Lugonu
  1268 | D:1      | Reached XP level 4. HP: 11/31 MP: 5/5
  2689 | D:3      | Found a white marble altar of Elyvilon.
  3083 | D:3      | Reached *** piety under Lugonu
  3501 | D:4      | Reached XP level 5. HP: 36/36 MP: 6/6
  3663 | D:4      | Reached skill level 1 in Stealth
  3880 | D:4      | Reached XP level 6. HP: 17/42 MP: 5/8
  4163 | D:4      | Noticed an ogre
  4286 | D:4      | Banished an ogre
  4765 | D:4      | Reached XP level 7. HP: 38/48 MP: 9/9
  4941 | D:5      | Entered Level 5 of the Dungeon
  5076 | D:5      | Reached skill level 2 in Slings
  5111 | D:5      | Noticed Grinder
  5113 | D:5      | Banished Grinder
  5114 | D:5      | Reached skill level 3 in Slings
  5114 | D:5      | Reached XP level 8. HP: 54/54 MP: 6/11
  5215 | D:5      | Noticed Pikel
  5447 | D:5      | Killed Pikel
  5448 | D:5      | Reached skill level 5 in Fighting
  5448 | D:5      | Reached skill level 6 in Slings
  5448 | D:5      | Reached skill level 5 in Invocations
  5964 | D:5      | Noticed Duvessa
  5968 | D:5      | Noticed Dowan
  5985 | D:5      | Banished Duvessa
  5994 | D:5      | Banished Dowan
  6161 | D:5      | Reached XP level 9. HP: 57/61 MP: 13/13
  6568 | D:6      | Reached skill level 7 in Slings
  6584 | D:6      | Reached skill level 5 in Stealth
  6718 | D:6      | Found a staircase to the Ecumenical Temple.
  7229 | D:6      | Got a warped leather armour
  7239 | D:6      | Identified the +3 leather armour of Sin {Int+3 Dex+4 Slay+3
                  | SInv} (You found it on level 6 of the Dungeon)
  7546 | D:6      | Reached skill level 8 in Slings
  7655 | D:6      | Found a glowing silver altar of Zin.
  7655 | D:6      | Found a burning altar of Makhleb.
  7656 | D:6      | Noticed an Executioner
  7656 | D:6      | Noticed an angel
  7950 | D:6      | Found a hide-covered altar of Uskayaw.
  7954 | D:6      | Found a radiant altar of Vehumet.
  7959 | D:6      | Found an iron altar of Okawaru.
  8299 | D:7      | Reached **** piety under Lugonu
  8750 | D:7      | Reached skill level 9 in Slings
  8772 | D:7      | Got a faintly glowing robe
  8782 | D:7      | Identified the +2 robe of Nerphase {Rampage Str+5 Dex-2
                  | Slay+2} (You found it on level 7 of the Dungeon)
  8827 | D:7      | Found a bloodstained altar of Trog.
  8859 | D:7      | Found a sacrificial altar of Ru.
  9278 | D:7      | Found a bloodstained altar of Trog.
  9315 | D:7      | Reached XP level 10. HP: 68/68 MP: 14/14
  9493 | D:7      | Reached skill level 10 in Slings
  9555 | D:7      | Reached skill level 5 in Dodging
 10155 | D:7      | Found a runed translucent door.
 10156 | D:7      | Noticed Crazy Yiuf
 10165 | D:7      | Killed Crazy Yiuf
 10287 | D:8      | Noticed Maurice
 10288 | D:8      | Banished Maurice
 10340 | D:8      | Reached skill level 11 in Slings
 10434 | D:8      | Learned a level 1 spell: Corona
 10523 | D:8      | Noticed a two-headed ogre
 10557 | D:8      | Killed a two-headed ogre
 10679 | D:8      | Found an ornate altar of the Wu Jian Council.
 11107 | D:8      | Reached XP level 11. HP: 64/75 MP: 16/16
 11228 | D:9      | Reached skill level 12 in Slings
 11830 | D:9      | Found a broken altar of Ashenzari.
 11830 | D:9      | Found an opulent altar of Gozag.
 11830 | D:9      | Found a bloodstained altar of Trog.
 12079 | D:9      | Found a shadowy altar of Dithmenos.
 12248 | D:9      | Reached ***** piety under Lugonu
 12423 | D:10     | Entered Level 10 of the Dungeon
 12531 | D:10     | Reached skill level 1 in Shields
 13496 | D:10     | Found a staircase to the Orcish Mines.
 13605 | D:10     | Found a staircase to the Lair.
 13854 | Lair:1   | Entered Level 1 of the Lair of Beasts
 13868 | Lair:1   | Found a gate leading to a gauntlet.
 13877 | Gauntlet | Entered a Gauntlet
 13877 | Gauntlet | Found a transporter.
 13885 | Gauntlet | Found a transporter.
 13885 | Gauntlet | Noticed a worldbinder
 13886 | Gauntlet | Identified the ring of Hoizoup {rN+ EV+4}
 13886 | Gauntlet | Noticed a wizard
 13887 | Gauntlet | Found a transporter.
 13896 | Gauntlet | Found a transporter.
 13910 | Gauntlet | Found a transporter.
 13913 | Gauntlet | Noticed a ghost crab
 13915 | Gauntlet | Found a transporter.
 13932 | Gauntlet | Found a transporter.
 13950 | Gauntlet | Found a transporter.
 13959 | Gauntlet | Noticed a white ugly thing
 13962 | Gauntlet | Found a transporter.
 13964 | Gauntlet | Noticed a great orb of eyes
 13974 | Gauntlet | Found a transporter.
 13974 | Gauntlet | Noticed an orange crystal statue
 13986 | Gauntlet | Found a transporter.
 13986 | Gauntlet | Noticed a reaper
 13995 | Gauntlet | Noticed a sixfirhy
 13996 | Gauntlet | Noticed a sixfirhy
 13998 | Gauntlet | Found a transporter.
 14002 | Gauntlet | Noticed a sixfirhy
 14008 | Gauntlet | Noticed a sixfirhy
 14015 | Gauntlet | Found a transporter.
 14033 | Gauntlet | Found a transporter.
 14035 | Gauntlet | Found a transporter.
 14062 | Gauntlet | Found a transporter.
 14140 | Gauntlet | Found a transporter.
 14160 | Gauntlet | Found a transporter.
 14350 | Gauntlet | Banished a wizard
 14351 | Gauntlet | Reached skill level 5 in Shields
 14572 | Gauntlet | Identified the Volume of the Compass
 14875 | Gauntlet | Noticed a minotaur
 14891 | Gauntlet | Banished a minotaur
 14892 | Gauntlet | Reached XP level 12. HP: 49/82 MP: 9/18
 15583 | Lair:1   | Noticed a six-headed hydra
 15592 | Lair:1   | Banished a six-headed hydra
 16020 | D:10     | Reached skill level 13 in Slings
 16622 | Lair:1   | Learned a level 2 spell: Call Imp
 16624 | Lair:1   | Learned a level 1 spell: Summon Small Mammal
 16818 | Lair:1   | Noticed a six-headed hydra
 16847 | Lair:1   | Killed a six-headed hydra
 17055 | Lair:1   | Got an ancient short sword
 17055 | Lair:1   | Identified the +7 short sword of Mana {holy, rC+ Str+3}
                  | (You found it on level 1 of the Lair of Beasts)
 17503 | Lair:2   | Reached skill level 10 in Invocations
 17908 | Lair:2   | Got a translucent long sword
 17908 | Lair:2   | Identified the +7 long sword "Hueduj Dovynk" {flame, rC+
                  | Str+7 Dex-3} (You found it on level 2 of the Lair of
                  | Beasts)
 18048 | Lair:2   | Reached XP level 13. HP: 88/88 MP: 20/20
 18053 | Lair:2   | Noticed a four-headed hydra
 18102 | Lair:2   | Killed a four-headed hydra
 18103 | Lair:2   | Reached skill level 5 in Short Blades
 18103 | Lair:2   | Reached skill level 14 in Slings
 18983 | Lair:3   | Found a staircase to the Swamp.
 19744 | Lair:3   | Noticed a six-headed hydra
 19789 | Lair:2   | Killed a six-headed hydra
 20003 | Lair:3   | Found a sparkling altar of Nemelex Xobeh.
 20016 | Lair:3   | Noticed a six-headed hydra
 20028 | Lair:3   | Killed a six-headed hydra
 20044 | Lair:3   | Noticed an eight-headed hydra
 20326 | Lair:3   | Reached skill level 10 in Stealth
 20350 | Lair:3   | Reached skill level 10 in Dodging
 20683 | Lair:3   | Found a hole to the Spider Nest.
 20997 | Lair:3   | Killed an eight-headed hydra
 21144 | Lair:4   | Noticed a four-headed hydra
 21171 | Lair:4   | Killed a four-headed hydra
 21835 | Lair:4   | Reached XP level 14. HP: 94/94 MP: 22/22
 22646 | Lair:5   | Got a shimmering ring mail
 22692 | Lair:4   | Identified the +6 ring mail "Vimieb" {rPois rCorr Int-2}
                  | (You found it on level 5 of the Lair of Beasts)
 23065 | Lair:5   | Reached skill level 10 in Short Blades
 23416 | Lair:5   | Upgraded the game from 0.26-a0-1021-gda264ca44c to
                  | 0.26-a0-1026-g544776af23
 23443 | Lair:5   | Learned a level 2 spell: Blink
 23452 | Lair:5   | Found a viscous altar of Jiyva.
 23461 | Lair:5   | Found a staircase to the Slime Pits.
 23492 | Lair:5   | Found a hazy altar of Hepliaklqana.
 24211 | Lair:6   | Entered Level 6 of the Lair of Beasts
 25677 | Lair:6   | Found the +9 heavy crossbow "Sniper" {vorpal, Acc+∞ SInv}
 26410 | Lair:6   | Reached XP level 15. HP: 84/99 MP: 22/24
 27681 | Lair:6   | Reached skill level 1 in Crossbows
 28084 | D:11     | Noticed Psyche
 28110 | D:11     | Killed Psyche
 28186 | D:11     | Found a portal to a secret trove of treasure.
 28256 | D:11     | Found a shimmering altar of Xom.
 28516 | D:11     | Got an ichor-stained leather armour
 28526 | D:11     | Identified the +2 leather armour of Beauty {rC+} (You found
                  | it on level 11 of the Dungeon)
 28696 | D:11     | Noticed Nergalle
 28703 | D:11     | Banished Nergalle
 28747 | D:11     | Reached skill level 5 in Crossbows
 29068 | D:12     | Found a transporter.
 29303 | D:12     | Found a transporter.
 29306 | D:12     | Noticed Smugzug's ghost (journeyman HOFi)
 30711 | D:12     | Killed Smugzug's ghost
 30959 | D:13     | Found a gate to the Vaults.
 31313 | D:13     | Found a radiant altar of Vehumet.
 31383 | D:13     | Noticed Josephine
 31800 | D:12     | Reached skill level 10 in Crossbows
 31807 | D:12     | Killed Josephine
 31925 | D:12     | HP: 3/99 [entropy weaver (6)]
 32366 | D:12     | HP: 4/148 [six-headed hydra (5)]
 32366 | D:12     | Slain by a manticore

Illustrated notes

Levels and vault maps discovered:
D:1:      evilmike_arrival_plus, layout_basic
D:2:      layout_loops_ring, serial_forest, infiniplex_forest_end_1,
          infiniplex_forest_straight_2, infiniplex_forest_straight_5,
          infiniplex_forest_zigzag_1, infiniplex_forest_lined_ring,
          infiniplex_forest_diagonal, infiniplex_forest_corner_1,
          chequers_serial_rivers_room_a
D:3:      layout_loops_ring, elyvilon_altar_1
D:4:      layout_basic, minmay_misc_feat_encased
D:5:      layout_basic, corexii_item_surrounded_by_moat, uniq_pikel,
          uniq_duvessa, uniq_grinder
D:6:      layout_basic, grunt_temple_overflow_order_and_chaos_2,
          minmay_overflow_temple_star_quad,
          minmay_temple_entry_statues_fountains, minmay_misc_feat_plants
D:7:      minmay_the_grid_octo_tiled_squarecenter
          [minmay_the_grid_octo_vomiting_pacman, minmay_the_grid_octo_empty,
          minmay_the_grid_octo_toaster, minmay_the_grid_octo_empty,
          minmay_the_grid_square_5x5_megaprize_crossed,
          minmay_the_grid_square_5x5_shrine2,
          minmay_the_grid_square_5x5_fancy_junction,
          minmay_the_grid_square_5x5_doubleslash,
          minmay_the_grid_square_5x5_slash], layout_basic,
          uniq_crazy_yiuf_cottage
D:8:      layout_loops_ring, lemuel_coloured_pillars_altar, uniq_maurice
D:9:      layout_long_grid, chequers_temple_overflow_statue_of_worship,
          basic_altar, serial_bayou_pond_a
D:10:     layout_long_grid, due_lair_maze_entry_diamond, orc_0_dummy
D:11:     layout_roguey, basic_altar, nicolae_trove_entry_crossroad,
          uniq_psyche, uniq_nergalle
D:12:     layout_basic, gammafunk_ghost_berserking_beasts, worms_lemuel
D:13:     layout_grid_maze, david_vaults_2, basic_altar,
          serial_co_window_serial, co_window_paths_a, co_window_paths_a,
          co_window_paths_a, co_window_paths_a, co_window_of_opportunity_a,
          co_window_paths_c, co_window_unsneaky_path_d, co_window_broadway_b,
          co_window_2corner, co_window_2corner, co_window_4corner_a,
          glass_columns_a, glass_columns_b, glass_columns_b, minivault_29,
          uniq_josephine
Lair:1:   layout_small_grid, special_room [special_room_bee],
          gauntlet_entry_generic, lemuel_fruit_fields
Lair:2:   layout_loops_ring, serial_bayou_shore_a
Lair:3:   wad_woods_stonehenge, layout_gridlike, skrybe_swamp_entry_bodies,
          spider_nest_entry_funnel_web
Lair:4:   layout_cave_pods, grunt_megastairs_1
Lair:5:   layout_small_grid, slime_altar_1, basic_altar,
          cheibrodos_lair_reptile_den, serial_bayou_shore_b
Lair:6:   gammafunk_lair_ancient_temple, layout_gridlike

Skill      XL: |  1  2  3  4  5  6  7  8  9 10 11 12 13 14 15 |
---------------+----------------------------------------------+-----
Short Blades   | 3 4 9 12 | 12.0
Fighting       | 3 4 5 6 7 8 |  8.0
Armour         | 3 4 |  4.0
Dodging        | 2 3 4 6 7 9 10 11 12 | 12.0
Stealth        | 1 2 3 4 6 7 8 10 11 12 | 12.9
Invocations    | 3 4 5 6 7 9 10 11 12 13 | 13.0
Slings         | 3 6 9 11 12 13 14 | 14.0
Shields        | 5 6 |  6.0
Crossbows      | 10 | 10.0

Action                   |  1- 3 |  4- 6 |  7- 9 | 10-12 | 13-15 || total
-------------------------+-------+-------+-------+-------+-------++-------
Melee: Short sword       |   135 |   271 |    56 |     7 |   463 ||   932
       Dagger            |       |       |       |    53 |   402 ||   455
       Hunting sling     |       |       |       |     1 |       ||     1
 Fire: Hunting sling     |       |       |   428 |  1086 |  1331 ||  2845
       Hand crossbow     |       |       |       |       |     4 ||     4
Throw: Stone             |     8 |    42 |    12 |       |       ||    62
       Dart              |       |    15 |     8 |     4 |     1 ||    28
       Throwing net      |       |       |       |     1 |       ||     1
 Cast: Corona            |       |       |       |       |     1 ||     1
Invok: Bend Space        |     3 |    14 |    12 |    40 |    73 ||   142
       Banish            |       |     1 |     3 |     8 |    11 ||    23
Evoke: Wand              |       |       |       |    12 |     6 ||    18
       Lightning rod     |       |       |       |     5 |     6 ||    11
       Condenser vane    |       |       |       |     1 |       ||     1
       Phial of floods   |       |       |       |       |     2 ||     2
       Box of beasts     |       |       |       |       |     1 ||     1
  Use: Potion            |     3 |       |       |     1 |     5 ||     9
       Scroll            |       |    10 |     4 |    10 |    16 ||    40
 Stab: Sleeping          |       |       |       |     4 |    16 ||    20
       Invisible         |       |       |       |       |     3 ||     3
       Distracted        |       |       |       |       |     1 ||     1
Armor: Ring mail         |    76 |    42 |    26 |       |       ||   144
       Leather armour    |       |       |    14 |    55 |   122 ||   191
Dodge: Dodged            |   150 |   176 |   173 |   328 |   705 ||  1532
Block: Other             |       |       |       |     9 |       ||     9
       Buckler           |       |       |       |   276 |   543 ||   819
       Reflection        |       |       |       |     3 |    10 ||    13

Table legend: (Time is in decaauts)
 A = Elapsed time spent in this place.
 B = Non-inter-level travel time spent in this place.
 C = Inter-level travel time spent in this place.
 D = Time resting spent in this place.
 E = Time spent auto-exploring this place.
 F = Levels seen in this place.
 G = Mean time per level.
                   A        B        C        D        E       F      G
               +--------+--------+--------+--------+--------+-----+--------+
         Total |  31078 |  29216 |   1862 |   4882 |  16225 |  21 | 1479.9 |
       Dungeon |  18540 |  17356 |   1184 |   3171 |   9663 |  13 | 1426.2 |
          Lair |  11143 |  10466 |    677 |   1160 |   6193 |   6 | 1857.2 |
         Abyss |     56 |     56 |      0 |      0 |     47 |   1 |   56.0 |
      Gauntlet |   1338 |   1338 |      0 |    550 |    321 |   1 | 1338.0 |
               +--------+--------+--------+--------+--------+-----+--------+

Top non-repeatable levels by time:
    D:12: 2790 daAuts
     D:7: 2289 daAuts
  Lair:6: 2206 daAuts
  Lair:5: 2064 daAuts
  Lair:3: 2049 daAuts
  Lair:1: 1717 daAuts
    D:10: 1672 daAuts
     D:2: 1613 daAuts
     D:5: 1604 daAuts
     D:6: 1567 daAuts
     D:4: 1559 daAuts
  Lair:4: 1556 daAuts
  Lair:2: 1548 daAuts
Gauntlet: 1338 daAuts
     D:9: 1226 daAuts
